 Dungeon Crawl Stone Soup version 0.28-a0-1404-g4df0f3684d (webtiles) character file.

Game seed: 6913606650108144035

14 spaghetti the Grave Robber (level 2, -3/22 HPs)
             Began as a Naga Necromancer on Dec 22, 2021.
             Slain by a quokka (4 damage)
             ... on level 1 of the Dungeon on Jan 6, 2022.
             The game lasted 00:01:25 (460 turns).

spaghetti the Grave Robber (Naga Necromancer)        Turns: 460, Time: 00:01:26

Health: -3/22      AC:  1    Str: 10    XL:     2   Next: 45%
Magic:  3/5        EV:  9    Int: 15    God:
Gold:   13         SH:  0    Dex: 11    Spells: 4/5 levels left

rFire   . . .      SeeInvis +     - Unarmed
rCold   . . .      Faith    .   (no shield)
rNeg    . . .      Spirit   .   a - +0 robe
rPois   +          Reflect  .   (no helmet)
rElec   .          Harm     .   (no cloak)
rCorr   .          Rampage  .   (no gloves)
Will    .....                   (no barding)
Stlth   ++........              (no amulet)
HPRegen 0.07/turn               (no ring)
MPRegen 0.09/turn               (no ring)

@: short of breath, very slow
A: AC +0, large, see invisible, deformed body, poison resistance, slowness 2,
spit poison 1, naga tail 1
a: Spit Poison


You were on level 1 of the Dungeon.
You visited 1 branch of the dungeon, and saw 1 of its levels.

You collected 13 gold pieces.


Innate Abilities, Weirdness & Mutations

Your serpentine skin is tough. (AC +0)
You have supernaturally acute eyesight. (SInv)
Armour fits poorly on your strangely shaped body.
Your system is resistant to poisons. (rPois)
You cover ground very slowly.
You can spit poison.
You have a snake-like lower body.


   Skills:
 - Level 1.5 Dodging
 - Level 3.0 Stealth
 + Level 2.0 Unarmed Combat
 - Level 2.0 Spellcasting
 - Level 4.0 Necromancy


You had 4 spell levels left.
You knew the following spells:

 Your Spells              Type           Power      Damage    Failure   Level
a - Pain                  Necr           52%        1d6       4%          1

Your spell library contained the following spells:

 Spells                   Type           Power      Damage    Failure   Level
 Animate Skeleton         Necr           26%        N/A       4%          1
 Vampiric Draining        Necr           13%        2d6       13%         3
 Animate Dead             Necr           6%         N/A       38%         4
 Agony                    Necr           13%        N/A       75%         5

Inventory:

Hand Weapons
 d - a +0 dagger {short}
   (You took it off a kobold on level 1 of the Dungeon)
 f - a +0 hand axe {axe}
   (You found it on level 1 of the Dungeon)
 g - a +0 whip {mace}
   (You took it off a gnoll on level 1 of the Dungeon)
 i - a +0 dagger {short}
   (You took it off a goblin on level 1 of the Dungeon)
Missiles
 c - 6 curare-tipped darts {=fthrowing}
 e - 4 stones {throwing}
 h - 18 poisoned darts {throwing}
Armour
 a - a +0 robe (worn)
Scrolls
 b - a scroll of blinking {unknown}
 j - a scroll of holy word {unknown}
 k - a scroll of noise {unknown}

Dungeon Overview and Level Annotations

Branches:
Dungeon (1/15)

Altars:

#### #####.. #.
...#.# #.
#.#.###.#.. # #.#
#.......... .#
#.###.#.#####. .#
##.....#.######.#
#....###.....@r.#
#....# ########.#
####...#### #
#.........#
#.###.###.# #
#.##..#
#.....####
##.......+
.#####...####


You could see a quokka.


Message History

The goblin shouts!
Aiming: Spit Poison (2% risk of failure)
Press: ? - help, Shift-Dir - straight line, f - goblin
Aim: a goblin, wielding a +0 dagger The splash of poison misses the goblin.
The goblin writhes in agony. 😕 HP[-1] MP[-1]
You take 1 damage, and now have 21/22 hp.
You lost 1 mp, and now have 4/5 mp.
The goblin writhes in agony.
You kill the goblin! 😕 HP[-1] MP[-1]
You take 1 damage, and now have 20/22 hp.
You lost 1 mp, and now have 3/5 mp.
You start resting.
You have got your breath back. 😎 HP[+2] MP[+1]
Your hp is fully restored (22).
i - a +0 dagger {short} You see here a goblin corpse. 😎 MP[+1]
Your mp is fully restored (5).
j - a scroll labelled HIMMUP CEUGHUE You open the door.
An endoplasm comes into view.
An endoplasm is nearby!
The endoplasm writhes in agony. 😕 HP[-1] MP[-1]
You take 1 damage, and now have 21/22 hp.
You lost 1 mp, and now have 4/5 mp.
Aiming: Spit Poison (2% risk of failure)
Press: ? - help, Shift-Dir - straight line, f/p - endoplasm
Aim: an endoplasm (severely wounded)
The splash of poison hits the endoplasm.
The endoplasm completely resists.
The endoplasm writhes in agony.
You kill the endoplasm!
Your Unarmed Combat skill increases to level 2! 😕 HP[-1] MP[-1]
You take 1 damage, and now have 20/22 hp.
You lost 1 mp, and now have 3/5 mp.
You start resting.
You have got your breath back. 😕 HP[+1] MP[+2]
Your mp is fully restored (5).
There is an open door here.
You open the door.
There is an open door here.
A rat comes into view. 😎 HP[+1]
Your hp is fully restored (22).
The rat writhes in agony.
You kill the rat! 😎 MP[-1]
You lost 1 mp, and now have 4/5 mp.
You can't see any susceptible monsters within range! (Use Z to cast anyway.)
You start resting. 😎 MP[+1]
Your mp is fully restored (5).
k - a scroll labelled IDGHUIT SOUCEGI You now have 13 gold pieces.
A quokka comes into view.
A quokka is nearby!
The quokka writhes in agony. 😕 HP[-1] MP[-1]
You take 1 damage, and now have 21/22 hp.
You lost 1 mp, and now have 4/5 mp.
Aiming: Spit Poison (2% risk of failure)
Press: ? - help, Shift-Dir - straight line, f/p - quokka
Aim: a quokka (heavily wounded)
The splash of poison misses the quokka.
The quokka bites you. 😕 HP[-4]
You take 4 damage, and now have 17/22 hp.
The quokka barely resists.
The quokka bites you.
* * * LOW HITPOINT WARNING * * *
😨 HP[-6] MP[-1]
You take 6 damage, and now have 11/22 hp.
MASSIVE DAMAGE!! (PAUSE)
You lost 1 mp, and now have 3/5 mp.
You hit the quokka. The quokka bites you.
* * * LOW HITPOINT WARNING * * *
😨 HP[-4]
You take 4 damage, and now have 7/22 hp.
You closely miss the quokka. The quokka completely misses you.
You closely miss the quokka.
You have got your breath back.
The quokka bites you.
* * * LOW HITPOINT WARNING * * *
😱 HP[-5]
You take 5 damage, and now have 2/22 hp.
MASSIVE DAMAGE!! (PAUSE)
You aren't carrying any potions.
You are too injured to fight recklessly!
Aiming: Spit Poison (2% risk of failure)
Press: ? - help, Shift-Dir - straight line, f/p - quokka
Aim: a quokka (severely wounded)
The splash of poison hits the quokka.
The quokka bites you.
* * * LOW HITPOINT WARNING * * *
The quokka bites you.
You die...

Skill      XL: |  1  2 |
---------------+-------+-----
Unarmed Combat | 1 2 |  2.0
Dodging        | |  1.5
Stealth        | |  3.0
Spellcasting   | |  2.0
Necromancy     | |  4.0

Action                   || total
-------------------------++-------
Melee: Unarmed           ||     3
 Cast: Pain              ||    13
 Abil: Spit Poison       ||     5
Dodge: Dodged            ||     2

Levels and vault maps discovered:
D:1:      ebering_hopf_link, layout_loops_corners,
          hellmonk_ecumenical_altar_pennies_from_heaven

Notes
Turn   | Place    | Note
-------+----------+-------------------------------------------
     0 | D:1      | spaghetti the Naga Necromancer began the quest for the Orb.
     0 | D:1      | Reached XP level 1. HP: 15/15 MP: 3/3
     0 | D:1      | magus.rc [v1.9.6]
    84 | D:1      | Upgraded the game from 0.28-a0-1227-ga9037bb4c8 to
                  | 0.28-a0-1404-g4df0f3684d
    84 | D:1      | magus.rc [v1.9.6]
    85 | D:1      | Reached skill level 1 in Unarmed Combat
    85 | D:1      | Reached XP level 2. HP: 10/22 MP: 0/5
   334 | D:1      | Reached skill level 2 in Unarmed Combat
   459 | D:1      | HP: 2/22 [quokka (5)]
   460 | D:1      | Slain by a quokka

Vanquished Creatures
  A gnoll (D:1)
  An endoplasm (D:1)
  A goblin (D:1)
  A frilled lizard (D:1)
  A kobold (D:1)
  A rat (D:1)
6 creatures vanquished.

Table legend:
 A = Non-vault XP
 B = Vault XP
 C = Vault XP percentage of total XP
 D = Non-vault monster count
 E = Vault monster count
 F = Vault count percentage of total count
                 A         B        C        D         E       F
            +---------+---------+-------+---------+---------+-------
      Total |      21 |       0 |   0.0 |       6 |       0 |   0.0
            +---------+---------+-------+---------+---------+-------
        D:1 |      21 |       0 |   0.0 |       6 |       0 |   0.0
            +---------+---------+-------+---------+---------+-------

Illustrated notes

Table legend:
 A = Kills in this place as a percentage of kills in entire the game.
 B = Kills by you in this place as a percentage of kills by you in the entire game.
 C = Kills by friends in this place as a percentage of kills by friends in the entire game.
 D = Other kills in this place as a percentage of other kills in the entire game.
 E = Experience gained in this place as a percentage of experience gained in the entire game.
 F = Experience gained in this place divided by the number of levels of this place that you have seen.
                   A       B       C       D       E      F
               +-------+-------+-------+-------+-------+----------------------
         Total | 100.0 | 100.0 |   N/A |   N/A | 100.0 |  21.0
       Dungeon | 100.0 | 100.0 |   N/A |   N/A | 100.0 |  21.0
               +-------+-------+-------+-------+-------+----------------------

Table legend: (Time is in decaauts)
 A = Elapsed time spent in this place.
 B = Non-inter-level travel time spent in this place.
 C = Inter-level travel time spent in this place.
 D = Time resting spent in this place.
 E = Time spent auto-exploring this place.
 F = Levels seen in this place.
 G = Mean time per level.
                   A        B        C        D        E       F      G
               +--------+--------+--------+--------+--------+-----+--------+
         Total |    530 |    530 |      0 |    207 |    270 |   1 |  530.0 |
       Dungeon |    530 |    530 |      0 |    207 |    270 |   1 |  530.0 |
               +--------+--------+--------+--------+--------+-----+--------+

Top non-repeatable levels by time:
     D:1: 530 daAuts
